cohdb
Replays
Latest Replays
All Replays
Popular Replays
Top Player Replays
Match Explorer
How It Works
Community
CoH3 Stats
Reddit
Sign in to upload your games and track your stats! →
Sign in with Steam
Match 43749070
Unlisted
Match 43749070
Overview
Messages
Build Orders
End
Selects Italian Coastal Battlegroup
Selects Coastal Reserves
Coastal Reserve
Coastal Reserve
Coastal Reserve
Pioneer Squad
Construct Infanterie Kompanie
Construct Panzergrenadier Kompanie
Construct Panzergrenadier Kompanie
MG 42 Machine Gun Team
Support Elements
Selects Support Bunkers
StuG III G Assault Gun
Selects Rapid Fortifications
MG 42 Machine Gun Team
Rapid Fortifications
Medical Bunker
MG 42 Bunker
Rapid Fortifications
Construct Luftwaffe Kompanie
Selects Artillery Officer
Selects Obice da 210/22 Artillery Emplacement
Selects Bulwark
Construct Panzer Kompanie
SzarywilkPL
Wojxar
B1t
SkyCurv
0
0
Comments
sign in to comment!
No comments posted yet!